 Dungeon Crawl Stone Soup version 0.29.1-15-g9cfb28693d (webtiles) character file.

Game seed: 4453431253575189013

1 protoss039 the Digger (level 1, 0/13 HPs)
             Began as a Demonspawn Earth Elementalist on Mar 12, 2023.
             Killed from afar by a dart slug (4 damage)
             ... with a slug dart
             ... on level 1 of the Dungeon.
             The game lasted 00:00:07 (98 turns).

protoss039 the Digger (Demonspawn Earth Elementalist) Turns: 98, Time: 00:00:07

Health: 0/13       AC:  2    Str:  8    XL:     1   Next: 16%
Magic:  1/3        EV: 12    Int: 16    God:
Gold:   16         SH:  0    Dex: 13    Spells: 3/4 levels left

rFire   . . .      SeeInvis .   (no weapon)
rCold   . . .      Faith    .   (no shield)
rNeg    . . .      Spirit   .   a - +0 robe
rPois   .          Reflect  .   (no helmet)
rElec   .          Harm     .   (no cloak)
rCorr   .          Rampage  .   (no gloves)
Will    .....                   (no boots)
Stlth   ++........              (no amulet)
HPRegen 0.04/turn               (no ring)
MPRegen 0.08/turn               (no ring)

@: very slightly contaminated
A: no striking features
a: no special abilities


You were on level 1 of the Dungeon.
You visited 1 branch of the dungeon, and saw 1 of its levels.

You collected 16 gold pieces.

Inventory:

Armour
 a - a +0 robe (worn)
Scrolls
 d - a scroll of identify {unknown}
Potions
 b - a potion of magic
 c - a potion of attraction {unknown}


   Skills:
 + Level 0.1 Fighting
 - Level 1.7 Dodging
 - Level 1.7 Stealth
 + Level 2.0 Spellcasting
 - Level 0.8 Transmutations
 + Level 2.7 Earth Magic


You had 3 spell levels left.
You knew the following spells:

 Your Spells              Type           Power      Damage    Failure   Level
a - Sandblast             Erth           20%        2d7       7%          1

Your spell library contained the following spells:

 Spells                   Type           Power      Damage    Failure   Level
 Passwall                 Tmut/Erth      5%         N/A       16%         2
 Stone Arrow              Conj/Erth      12%        3d7       34%         3
 Petrify                  Tmut/Erth      7%         N/A       69%         4


Dungeon Overview and Level Annotations

Branches:
Dungeon (1/15) Zot: 5899

Altars:


Message History

You are very lightly contaminated with residual magic.
Nothing appears to happen.
Unknown command.
A frilled lizard is nearby!
Casting: Sandblast (safe; 7% risk of failure)
Confirm with . or Enter, or press ? or * to list all spells.
Aiming: Sandblast (safe; 7% risk of failure)
Press: ? - help, Shift-Dir - straight line, f/p - frilled lizard
Aim: a frilled lizard (asleep, 100% to hit)
The blast of sand hits the frilled lizard!
You kill the frilled lizard!
Unknown command.
Your magical contamination has completely faded away.
A dart slug comes into view.
The dart slug launches a dart at you. The slug dart hits you.
A dart slug is nearby!
A dart slug is nearby!
Casting: Sandblast (safe; 7% risk of failure)
Confirm with . or Enter, or press ? or * to list all spells.
Aiming: Sandblast (safe; 7% risk of failure)
Press: ? - help, Shift-Dir - straight line, f - dart slug
Aim: a dart slug (100% to hit)
The blast of sand hits the dart slug!
The dart slug is almost dead.
The dart slug launches a dart at you. The slug dart hits you.
* * * LOW HITPOINT WARNING * * *
Unknown command.
Casting: Sandblast (safe; 7% risk of failure)
Confirm with . or Enter, or press ? or * to list all spells.
Aiming: Sandblast (safe; 7% risk of failure)
Press: ? - help, Shift-Dir - straight line, f/p - dart slug
Aim: a dart slug (almost dead, 100% to hit)
You miscast Sandblast.
You are very lightly contaminated with residual magic.
Nothing appears to happen.
The dart slug launches a dart at you. The slug dart hits you.
You die...

.......##
.........
.........
##........
#.......##
#.........
#.........
#.@....#
#.#.w.#...
#.####..#
#.........
#.......##
#.#######
##.# #..#
#.#####
###


You could see a dart slug.

Vanquished Creatures
  2 frilled lizards (D:1)
2 creatures vanquished.

Notes
Turn   | Place    | Note
-------+----------+-------------------------------------------
     0 | D:1      | protoss039 the Demonspawn Earth Elementalist began the
                  | quest for the Orb.
     0 | D:1      | Reached XP level 1. HP: 13/13 MP: 3/3
    98 | D:1      | Killed from afar by a dart slug

Illustrated notes

Levels and vault maps discovered:
D:1:      amcnicky_arrival_abandoned_market, layout_rooms,
          chequers_ecumenical_altar_island

Action                   || total
-------------------------++-------
 Cast: Sandblast         ||     3
